 Dungeon Crawl Stone Soup version 0.28.0-53-g5a82cb258f (webtiles) character file.

Game seed: 9407627341894754829

25 Arcadio the Skirmisher (level 2, 0/21 HPs)
             Began as a Demonspawn Abyssal Knight on June 2, 2022.
             Was a Follower of Lugonu.
             Slain by a kobold
             ... wielding a +0 dagger
              (3 damage)
             ... on level 1 of the Dungeon.
             The game lasted 00:03:54 (965 turns).

Arcadio the Skirmisher (Demonspawn Abyssal Knight)   Turns: 965, Time: 00:03:55

Health: 0/21       AC:  3    Str:  9 (13) XL:     2   Next: 86%
Magic:  3/3        EV: 11    Int: 11      God:    Lugonu [*.....]
Gold:   13         SH:  0    Dex: 11      Spells: 1/1 levels left

rFire   . . .      SeeInvis .   e - +2 dagger (vamp)
rCold   . . .      Faith    .   (no shield)
rNeg    . . .      Spirit   .   b - +0 leather armour
rPois   .          Reflect  .   (no helmet)
rElec   .          Harm     .   (no cloak)
rCorr   .          Rampage  .   (no gloves)
Will    .....                   (no boots)
Stlth   +.........              (no amulet)
HPRegen 0.00/turn               (no ring)
MPRegen 0.08/turn               (no ring)

@: inhibited regen
A: spiny 1, clumsy 1, deterioration 1, frail 1, inhibited regeneration,
devolution 1
a: Renounce Religion, Depart the Abyss


You were on level 1 of the Dungeon.
You worshipped Lugonu.
Lugonu was aware of your devotion.
You visited 1 branch of the dungeon, and saw 1 of its levels.
You visited the Abyss 1 time.

You collected 13 gold pieces.

Inventory:

Hand Weapons
 a - a +1 falchion
 e - a +2 vampiric dagger (weapon)
 f - a +1 dagger of venom
Armour
 b - a +0 leather armour (worn)
 c - a +0 ring mail
Scrolls
 d - a scroll of identify {unknown}
 g - a scroll of magic mapping {unknown}


   Skills:
 + Level 3.3 Fighting
 + Level 0.2(1.2) Short Blades
 - Level 2.1 Long Blades
 - Level 1.9 Armour
 + Level 1.4 Dodging
 - Level 2.6 Invocations


You had one spell level left.
You didn't know any spells.
Your spell library was empty.

Dungeon Overview and Level Annotations

Branches:
Dungeon (1/15)

Altars:


Innate Abilities, Weirdness & Mutations

You are partially covered in sharp spines.
You are clumsy. (Dex -2)
Your body sometimes deteriorates upon taking damage.
You are frail. (-10% HP)
You do not regenerate when monsters are visible.
You have hidden genetic defects.


Message History

You barely miss the goblin.
The goblin is heavily wounded.
You feel very sick.
The goblin drinks a potion.
The goblin is healed!
You hit the goblin.
You kill the goblin!
Lugonu accepts your kill.
You feel sick.
An endoplasm comes into view.
You feel sick.
Things that are here:
a +1 dagger of venom; a scroll labelled SOFUUR ZOZO; a goblin corpse
f - a +1 dagger of venom;
g - a scroll labelled SOFUUR ZOZO You feel sick.
The endoplasm quivers.
A kobold comes into view. It is wielding a +0 dagger.
You feel sick.
You feel sick.
You feel sick.
You feel sick.
You feel sick.
You are no longer poisoned.
The kobold throws a stone.
The stone hits you but does no damage.
The kobold throws a stone.
The stone closely misses you.
You hit the endoplasm.
You feel better.
The endoplasm is severely wounded.
The endoplasm freezes you.
You are frozen.
* * * LOW HITPOINT WARNING * * *
Your body deteriorates!
You feel weakened.
You hit the endoplasm but do no damage.
The endoplasm is severely wounded.
The endoplasm barely misses you.
You hit the endoplasm.
You kill the endoplasm!
Lugonu accepts your kill.
The kobold throws a stone.
The stone hits you but does no damage. The kobold closely misses you.
You barely miss the kobold. The kobold hits you with a +0 dagger.
You die...

###................#
#######.####.##...##
..............#....#
#########.#.####..#.####
.....# #.#.# #....#
####.# #.#.# #.#..# #
#.# #.#'## #.#..# # #.#
#....###.##.# #
#.####.......@K..## #
#....††....##.##..#
##########....##.....#
......).##....######.#
######...........# #.##
#...........###..##
#...........#.....#
#....#......#.##..#
#....#......#.....#


You could see a kobold.

Vanquished Creatures
  A dart slug (D:1)
  A ball python (D:1)
  4 endoplasms (D:1)
  A giant cockroach (D:1)
  A goblin (D:1)
  A hobgoblin (D:1)
  7 jackals (D:1)
  2 bats (D:1)
  A kobold (D:1)
19 creatures vanquished.

Notes
Turn   | Place    | Note
-------+----------+-------------------------------------------
     0 | Abyss:1  | Arcadio the Demonspawn Abyssal Knight began the quest for
                  | the Orb.
     0 | Abyss:1  | Reached XP level 1. HP: 18/18 MP: 2/2
    75 | Abyss:1  | Found a corrupted altar of Lugonu.
   113 | Abyss:1  | Noticed a shadow dragon skeleton
   123 | Abyss:1  | Noticed a neqoxec
   129 | Abyss:1  | Noticed a small abomination
   132 | Abyss:1  | Gained mutation: You have hidden genetic defects. [a
                  | neqoxec]
   134 | Abyss:1  | Gained mutation: You are clumsy. (Dex -2) [a neqoxec]
   135 | Abyss:1  | Gained mutation: Your body sometimes deteriorates upon
                  | taking damage. [a neqoxec]
   157 | Abyss:1  | Noticed an iron imp
   169 | Abyss:1  | Noticed a basilisk
   178 | Abyss:1  | Noticed a tormentor
   182 | D:1      | Escaped the Abyss
   432 | D:1      | Reached skill level 1 in Dodging
   438 | D:1      | Reached * piety under Lugonu
   449 | D:1      | Gained mutation: You have terrible hidden genetic defects.
                  | [hidden defects]
   630 | D:1      | Gained mutation: You are partially covered in sharp spines.
                  | [demonic ancestry]
   630 | D:1      | Reached XP level 2. HP: 22/24 MP: 3/3
   756 | D:1      | Gained mutation: You are frail. (-10% HP) [hidden defects]
   756 | D:1      | Lost mutation: You have terrible hidden genetic defects.
                  | [hidden defects expressed]
   865 | D:1      | Gained mutation: You do not regenerate when monsters are
                  | visible. [hidden defects]
   965 | D:1      | Slain by a kobold

Illustrated notes

Levels and vault maps discovered:
D:1:      dpeg_arrival_erosion, layout_basic

Skill      XL: |  1 |
---------------+----+-----
Dodging        | 1 |  1.4
Long Blades    | 2 |  2.1
Fighting       | |  3.3
Short Blades   | |  0.2
Armour         | |  1.9
Invocations    | |  2.6

Action                   || total
-------------------------++-------
Melee: Falchion          ||    33
       Dagger            ||    11
Invok: Depart the Abyss  ||     1
Armor: Leather armour    ||    16
Dodge: Dodged            ||    37
